Map: Blackpink LE

Players

iudex - Winner!

  • Race: Zerg Zerg
  • Spawn Location: 1:00

CinDra

  • Race: Zerg Zerg
  • League: Silver
  • Spawn Location: 7:00

VOD

Have the link to the VOD?

Description

Time

  • Played on: Feb. 25, 2018, 1:20 a.m.
  • Length: 3:52
Show
View Real Time Build Order
Export as new Build Order

iudex Zerg - Winner!

Build Orders: Pool Only, Zergling Baneling 

Get SALT Encoding   

  12  0:00  Drone  
  13  0:10  Drone  
  14  0:16  Extractor  
  14  0:17  Drone  
  14  0:33  Spawning Pool  
  14  0:35  Drone  
  14  0:43  Drone, Extractor  
  15  0:50  Overlord  
  15  1:19  Queen  
  15  1:20  Zergling x6  
  20  1:25  Metabolic Boost  
  20  1:31  Zergling x2  
  21  1:42  Zergling x2  
  22  1:49  Baneling Nest  
  22  1:52  Overlord  
  21  2:03  Zergling x2  
  22  2:14  Zergling x2  
  23  2:25  Zergling x2  
  23  2:29  Zergling x6  
  27  2:35  Baneling x3  
  27  2:40  Zergling x2  
  28  2:49  Zergling x2  
  23  3:08  Zergling x4  
  23  3:09  Zergling x2  
  23  3:10  Baneling x2  
  23  3:11  Baneling x2  
  26  3:14  Zergling x2  
  27  3:22  Baneling  
  27  3:23  Baneling  
  27  3:24  Baneling x2  
  27  3:27  Zergling x2  
Show
View Real Time Build Order
Export as new Build Order

CinDra Zerg 

Build Orders: Hatch First 

Get SALT Encoding   

  12  0:01  Drone  
  13  0:08  Drone  
  14  0:17  Overlord  
  15  0:35  Drone  
  15  0:36  Drone  
  15  0:38  Drone  
  17  0:55  Hatchery  
  16  0:57  Drone  
  16  1:02  Drone  
  18  1:06  Extractor  
  18  1:09  Drone  
  18  1:20  Spawning Pool  
  18  1:23  Drone  
  18  1:32  Drone  
  19  1:42  Drone  
  20  1:55  Drone  
  21  2:01  Drone  
  21  2:07  Queen  
  21  2:08  Queen  
  26  2:09  Zergling x2  
  26  2:12  Overlord  
  27  2:19  Zergling x2  
  28  2:33  Zergling x4  
  30  2:43  Zergling x4  
  22  3:07  Zergling x2  
  22  3:24  Zergling x2  
  25  3:27  Zergling x2  
Tags
 
League
Silver
Matchup
ZvZ
Race
Zerg
Spawn Locations
Cross Positions
Add a new tag
Caveats
  • Supply blocks, unpowered buildings, or Contaminate may cause inaccurate times.
  • Supply counts are checked every 10 seconds.